 Dungeon Crawl Stone Soup version 0.29.1-2-gbd0b4ee654 (webtiles) character file.

Game seed: 16931180007227057397

6927 croobank the Placeless Cat (level 10, -16/44 HPs)
             Began as a Felid Summoner on Nov 12, 2022.
             Was an Initiate of Gozag.
             Demolished by a komodo dragon (23 damage)
             ... on level 1 of the Lair of Beasts.
             The game lasted 01:10:41 (18048 turns).

croobank the Placeless Cat (Felid Summoner)        Turns: 18048, Time: 01:10:42

Health: -16/44     AC:  2    Str:  4    XL:     10   Next: 80%
Magic:  21/29      EV: 26    Int: 22    God:    Gozag
Gold:   1088       SH:  0    Dex: 16    Spells: 3/22 levels left
                                        Lives:  0   Deaths: 3

rFire   . . .      SeeInvis +     - Unarmed
rCold   . . .      Faith    .   (shield unavailable)
rNeg    . . .      Spirit   .   (body armour unavailable)
rPois   .          Reflect  .   (helmet unavailable)
rElec   .          Harm     .   (cloak unavailable)
rCorr   .          Rampage  .   (gloves unavailable)
Will    +....                   (boots unavailable)
Stlth   +++.......              (no amulet)
HPRegen 0.14/turn               e - ring of magical power
MPRegen 0.21/turn               k - +4 ring of evasion

@: quick
A: very small, claws 1, fangs 3, see invisible, speed 1, shaggy fur 2, stealthy
paws, no weapons or thrown items, no armour, multi-lived, frail 1, sense
surroundings 1
a: Renounce Religion, Potion Petition, Call Merchant, Bribe Branch


You were on level 1 of the Lair of Beasts.
You worshipped Gozag.
Gozag was most pleased with you.
You visited 3 branches of the dungeon, and saw 15 of its levels.
You also visited: Bailey.

You collected 1977 gold pieces.
You spent 298 gold pieces at shops.
You paid 591 gold pieces to Gozag.

Inventory:

Jewellery
 e - a ring of magical power (left paw)
 k - a +4 ring of evasion (right paw)
 o - a ring of ice
Wands
 c - a wand of iceblast (36)
 i - a wand of polymorph (13)
 t - a wand of flame (22)
 u - a wand of mindburst (11)
 y - a wand of charming (18)
Scrolls
 d - 9 scrolls of teleportation
 p - a scroll of blinking
 q - 5 scrolls of fog
 r - a scroll of amnesia
 s - a scroll of poison
 w - 5 scrolls of fear
 x - 2 scrolls of magic mapping
 z - 3 scrolls of immolation
 A - a scroll of silence
 D - 4 scrolls of identify
Potions
 a - a potion of magic
 b - a potion of heal wounds
 f - 6 potions of haste
 g - 4 potions of might
 h - 2 potions of flight
 j - 4 potions of lignification
 l - a potion of cancellation
 m - a potion of brilliance
 n - a potion of resistance
 v - 2 potions of berserk rage
 B - a potion of invisibility
 E - a potion of attraction
Miscellaneous
 C - a lightning rod (3/4)


   Skills:
 * Level 9.3 Fighting
 + Level 9.3 Dodging
 - Level 6.0 Stealth
 + Level 5.4 Unarmed Combat
 + Level 6.6 Spellcasting
 - Level 5.0 Hexes
 + Level 7.9 Summonings
 - Level 14.5 Translocations
 + Level 5.2 Air Magic


You had 3 spell levels left.
You knew the following spells:

 Your Spells              Type           Power      Damage    Failure   Level
a - Summon Small Mammal   Summ           100%       N/A       1%          1
b - Call Imp              Summ           42%        N/A       1%          2
c - Call Canine Familiar  Summ           42%        N/A       1%          3
d - Summon Guardian Gole  Hex/Summ       35%        N/A       1%          3
e - Summon Lightning Spi  Summ/Air       36%        N/A       5%          4
f - Dispersal             Tloc           31%        N/A       3%          6

Your spell library contained the following spells:

 Spells                   Type           Power      Damage    Failure   Level
 Blink                    Tloc           100%       N/A       1%          2
 Static Discharge         Conj/Air       18%        3-6/arc   4%          2
 Dazzling Flash           Conj/Hex       36%        N/A       10%         3
 Inner Flame              Hex/Fire       18%        N/A       10%         3
 Manifold Assault         Tloc           63%        N/A       1%          5
 Cause Fear               Hex            14%        N/A       11%         4
 Silence                  Hex/Air        14%        N/A       28%         5
 Lightning Bolt           Conj/Air       9%         1d21      63%         5
 Disjunction              Tloc           31%        N/A       82%         8
 Agony                    Necr           7%         N/A       94%         5
 Blade Hands              Tmut           3%         N/A       94%         5
 Iron Shot                Conj/Erth      3%         9d2       100%        6
 Storm Form               Tmut/Air       9%         N/A       100%        7
 Discord                  Hex            14%        N/A       100%        8
 Maxwell's Capacitive Co  Air            15%        ∞         100%        8
 Animate Armour           Summ/Erth      Unusable   N/A       N/A         4

Dungeon Overview and Level Annotations

Branches:
Dungeon (12/15)            Temple (1/1) D:6            Lair (2/5) D:10
    Orc (0/2) D:9          Bailey (visited)
  Swamp: Lair:2-3    Shoals: Lair:2-3     Snake: Lair:2-3    Spider: Lair:2-3

Altars:
Ashenzari
Cheibriados
Dithmenos
Elyvilon
Fedhas
Gozag
Hepliaklqana
Kikubaaqudgha
Makhleb
Nemelex Xobeh
Okawaru
Qazlal
Ru
Sif Muna
Trog
Uskayaw
Vehumet
Wu Jian
Xom
Yredelemnul
Zin
The Shining One

Shops:
D:1 ?   D:11 (*

Annotations:
D:6 1 runed translucent door, runemasterragnar's ghost, weakling DsDe
D:10 1 runed translucent door, erofeev's ghost, journeyman DrIE


Innate Abilities, Weirdness & Mutations

You have sharp claws.
You have razor-sharp teeth.
You have supernaturally acute eyesight. (SInv)
You cover ground quickly. (Speed+)
You are covered in thick fur. (AC +2)
Your paws help you pounce on unaware monsters.
You are incapable of wielding weapons or throwing items.
You cannot wear armour.
You gain extra lives every three experience levels.
You are frail. (-10% HP)
You passively map a small area around you.


Message History

Anything else - Cancel.
Gang up on whom?
Press: ? - help, Dir - move target, f/p - boulder beetle
Aim: a boulder beetle (almost dead, ally target)
Okay, then.
Casting: Call Canine Familiar (safe; 1% risk of failure)
Confirm with . or Enter, or press ? or * to list all spells.
You don't have enough magic to cast this spell.
Magic courses through your body.
Your hound barely misses the komodo dragon.
The komodo dragon bites your hound!
Your guardian golem disappears in a puff of smoke!
Your guardian golem explodes!
Casting: Call Canine Familiar (safe; 1% risk of failure)
Confirm with . or Enter, or press ? or * to list all spells.
An electric hum fills the air.
Your hound misses the komodo dragon.
Your hound bites the komodo dragon.
The komodo dragon bites your hound!!
Your hound dies!
Your hound's corpse disappears in a puff of smoke!
What are your orders? t - Meow!
Orders for allies: a - Attack new target. p - Attack previous target. r - Retreat! s - Stop attacking. g - Guard the area. f - Follow me.
Anything else - Cancel.
Gang up on whom?
Press: ? - help, Dir - move target, f/p - boulder beetle
Aim: a boulder beetle (severely wounded) Attack!
Your lightning spire is engulfed in blazing flames.
Found a weird smoking staff.
The boulder beetle is engulfed in a cloud of scalding steam.
The boulder beetle leaps!
The komodo dragon misses you. The komodo dragon bites you!
* * * LOW HITPOINT WARNING * * *
The komodo dragon bites you!!
Ouch! That really hurt!
You die...
Your body crumbles into a pile of gold.

#.....~≈≈≈≈≈~≈~.#
#...~$≈≈≈~~≈≈~.#
##...~≈≈≈~..≈≈≈.# ####
#....~~~≈.>.≈≈≈~##P..##
#.....~≈~~~~≈≈~~#.....#
#.....~~~≈≈≈~≈~~.#.....
*
......~~≈≈≈≈≈~.........
......~.~~~~8§l........
........~~...@...#...!.
........##.§☼§..## ....
..#...#######...# ,,...
$...... , ##..# , .|
.##... , , #...# . ,
#... , , ...... , .. ,
,, ....... , ####P#.. ,
* *** ###. **


You could see a komodo dragon and a friendly lightning spire (summoned).

Vanquished Creatures
  3 yaks
  An acid dragon (D:11)
  2 phantoms (D:9)
  A bullfrog (D:8)
  A howler monkey (D:9)
  2 electric eels
  3 orc wizards
  An ogre zombie (D:9)
  A white imp (D:5)
  An ufetubus (D:6)
  4 orcs (D:8)
  An endoplasm (D:2)
  A giant cockroach (D:4)
  A hobgoblin (Bailey)
  2 jackals (D:4)
  A kobold (D:4)
  A ball python (D:1)
  3 goblins
  A hobgoblin zombie (D:9)
31 creatures vanquished.

Vanquished Creatures (collateral kills)
  A catoblepas (Lair:1)
  A two-headed ogre (D:10)
  A black mamba (Lair:1)
  A cane toad (D:10)
  A blink frog (Lair:2)
  A vampire (D:11)
  A wraith (D:10)
  A basilisk (Lair:2)
  4 yaks
  Grum (D:10)
  4 water moccasins
  A black bear (D:8)
  6 orc warriors
  3 sky beasts
  9 wolves
  An ogre (D:5)
  4 centaurs
  A phantom (D:7)
  3 kobold brigands
  A necrophage (D:5)
  A bullfrog (D:7)
  5 scorpions
  A howler monkey (D:9)
  11 orc priests
  4 hounds
  5 jellies
  2 iguanas
  11 orc wizards
  7 ogre zombies (D:9)
  8 gnolls
  10 adders
  A shadow imp (D:6)
  A white imp (D:7)
  An ufetubus (D:6)
  2 worms
  A dart slug (D:2)
  39 orcs
  6 ball pythons
  7 endoplasms
  4 giant cockroaches
  14 hobgoblins
  34 kobolds
  4 quokkas
  4 bats
  5 frilled lizards
  7 goblins
  A goblin skeleton (D:9)
  2 goblin zombies (D:9)
  4 hobgoblin zombies (D:9)
  An orc skeleton (D:9)
  16 orc zombies (D:9)
  8 rats
273 creatures vanquished.

Vanquished Creatures (others)
  Gastronok (Lair:1)
  An orc warlord (Bailey)
  Snorg (D:12)
  A boulder beetle (D:11)
  An orc knight (Bailey)
  A cane toad (Lair:2)
  A gargoyle (D:10)
  Psyche (D:8)
  2 yaks (D:9)
  2 swamp worms (D:7)
  3 orc warriors
  2 wolves (Lair:2)
  2 necrophages (D:6)
  An orc priest (D:8)
  A gnoll bouda (D:6)
  An orc wizard (D:5)
  A gnoll (D:5)
  An adder (D:5)
  2 orcs
  2 goblins (Bailey)
  A bush (Lair:2)
  8 fungi (Lair:2)
  16 plants
  2 withered plants (D:6)
55 creatures vanquished.

Grand Total: 359 creatures vanquished

Notes
Turn   | Place    | Note
-------+----------+-------------------------------------------
     0 | D:1      | croobank the Felid Summoner began the quest for the Orb.
     0 | D:1      | Reached XP level 1. HP: 7/7 MP: 4/4
   242 | D:1      | Reached XP level 2. HP: 6/11 MP: 3/6
   465 | D:1      | Learned a level 2 spell: Call Imp
  1432 | D:1      | Found Emeycuuc's Magic Scroll Boutique.
  1444 | D:1      | Bought a scroll of identify for 26 gold pieces
  1960 | D:1      | Reached XP level 3. HP: 4/14 MP: 3/7
  2191 | D:1      | Learned a level 3 spell: Call Canine Familiar
  2537 | D:2      | Reached XP level 4. HP: 18/18 MP: 8/8
  3795 | D:3      | Reached skill level 1 in Fighting
  3799 | D:3      | Reached skill level 1 in Hexes
  3804 | D:3      | Reached XP level 5. HP: 22/22 MP: 7/10
  3885 | D:3      | Learned a level 3 spell: Summon Guardian Golem
  4946 | D:4      | Killed from afar by an orc priest
  4947 | D:4      | Reached XP level 4. HP: -2/19 MP: 16/18
  4978 | D:4      | Reached XP level 5. HP: 16/22 MP: 10/10
  5218 | D:4      | Gained mutation: You are covered in thick fur. (AC +2)
                  | [Felid growth]
  5218 | D:4      | Reached XP level 6. HP: 27/27 MP: 6/11
  5513 | D:5      | Entered Level 5 of the Dungeon
  5528 | D:5      | Reached skill level 5 in Stealth
  5785 | D:5      | Reached skill level 5 in Summonings
  5990 | D:5      | Reached skill level 5 in Dodging
  5990 | D:5      | Reached XP level 7. HP: 16/31 MP: 13/13
  6256 | D:5      | Learned a level 4 spell: Summon Lightning Spire
  6776 | D:6      | Noticed runemasterragnar's ghost (weakling DsDe)
  6776 | D:6      | Found a runed translucent door.
  6850 | D:6      | Reached skill level 1 in Air Magic
  7110 | D:6      | Reached XP level 8. HP: 36/36 MP: 15/15
  7937 | D:6      | Found a staircase to the Ecumenical Temple.
  7957 | Temple   | Entered the Ecumenical Temple
  8053 | Temple   | Became a worshipper of Gozag Ym Sagoz the Greedy
  8338 | D:6      | Found a white marble altar of Elyvilon.
  8339 | D:6      | Found a glowing silver altar of Zin.
  8478 | D:6      | Reached skill level 1 in Unarmed Combat
  8883 | D:7      | Found a flagged portal.
  8914 | D:7      | Reached skill level 5 in Fighting
  8914 | D:7      | Reached skill level 5 in Hexes
  9064 | Bailey   | Entered a bailey
  9069 | Bailey   | Noticed an orc warlord
  9292 | Bailey   | Noticed an orc knight
  9334 | Bailey   | Killed an orc knight
  9335 | Bailey   | Reached XP level 9. HP: 34/41 MP: 2/17
  9380 | Bailey   | Found a runed translucent gate.
  9380 | Bailey   | Found a runed translucent gate.
  9381 | Bailey   | Found a runed translucent gate.
  9582 | Bailey   | Killed an orc warlord
  9583 | Bailey   | Reached skill level 5 in Spellcasting
  9755 | Bailey   | Reached skill level 14 in Translocations
  9755 | Bailey   | Reached XP level 10. HP: 46/46 MP: 18/18
  9763 | Bailey   | Learned a level 6 spell: Dispersal
 11921 | D:8      | Noticed Psyche
 11944 | D:8      | Killed Psyche
 12587 | D:8      | Reached XP level 11. HP: 40/50 MP: 13/20
 12807 | D:8      | Found a shimmering blue altar of Sif Muna.
 13302 | D:1      | Bought a scroll of identify for 26 gold pieces
 13302 | D:1      | Bought a scroll of identify for 26 gold pieces
 13302 | D:1      | Bought a scroll of teleportation for 39 gold pieces
 13302 | D:1      | Bought a scroll of teleportation for 39 gold pieces
 13302 | D:1      | Bought a scroll of immolation for 52 gold pieces
 13304 | D:1      | Gained mutation: You occasionally lose the ability to drink
                  | potions when taking damage. [potion of mutation]
 13304 | D:1      | Gained mutation: You are partially covered in iridescent
                  | scales. (AC +2) [potion of mutation]
 13305 | D:1      | Lost mutation: You are partially covered in iridescent
                  | scales. (AC +2) [potion of mutation]
 13305 | D:1      | Lost mutation: You occasionally lose the ability to drink
                  | potions when taking damage. [potion of mutation]
 13305 | D:1      | Gained mutation: You are partially covered in iridescent
                  | scales. (AC +2) [potion of mutation]
 13305 | D:1      | Gained mutation: Potions are less effective at restoring
                  | your health. [potion of mutation]
 13305 | D:1      | Gained mutation: You expend magic power (3 MP) to
                  | strengthen your wands. [potion of mutation]
 13306 | D:1      | Lost mutation: You are partially covered in iridescent
                  | scales. (AC +2) [potion of mutation]
 13306 | D:1      | Lost mutation: Potions are less effective at restoring your
                  | health. [potion of mutation]
 13306 | D:1      | Lost mutation: You expend magic power (3 MP) to strengthen
                  | your wands. [potion of mutation]
 13306 | D:1      | Gained mutation: You are dopey. (Int -2) [potion of
                  | mutation]
 13306 | D:1      | Gained mutation: You are frail. (-10% HP) [potion of
                  | mutation]
 13306 | D:1      | Gained mutation: You are partially covered in iridescent
                  | scales. (AC +2) [potion of mutation]
 13307 | D:1      | Lost mutation: You are partially covered in iridescent
                  | scales. (AC +2) [potion of mutation]
 13307 | D:1      | Lost mutation: You are dopey. (Int -2) [potion of mutation]
 13307 | D:1      | Gained mutation: You are clumsy. (Dex -2) [potion of
                  | mutation]
 13307 | D:1      | Gained mutation: You sometimes lose your temper in combat.
                  | [potion of mutation]
 13308 | D:1      | Lost mutation: You sometimes lose your temper in combat.
                  | [potion of mutation]
 13308 | D:1      | Lost mutation: You are clumsy. (Dex -2) [potion of
                  | mutation]
 13308 | D:1      | Gained mutation: You passively map a small area around you.
                  | [potion of mutation]
 13913 | D:9      | Found a staircase to the Orcish Mines.
 14030 | D:9      | Found a snail-covered altar of Cheibriados.
 14345 | D:9      | Engulfed by a cloud of flame
 14346 | D:9      | Reached XP level 10. HP: -13/42 MP: 28/28
 14763 | D:10     | Entered Level 10 of the Dungeon
 14910 | D:10     | Found a staircase to the Lair.
 15085 | D:10     | Noticed a two-headed ogre
 15087 | D:10     | Noticed a gargoyle
 15096 | D:10     | Killed a two-headed ogre
 15097 | D:10     | Killed a gargoyle
 15404 | D:10     | Found a runed translucent door.
 15408 | D:10     | Found a shimmering altar of Xom.
 15408 | D:10     | Noticed erofeev's ghost (journeyman DrIE)
 15408 | D:10     | Noticed a +1 long sword of chaos
 15421 | D:10     | Found an iron altar of Okawaru.
 15422 | D:10     | Found a hazy altar of Hepliaklqana.
 15556 | D:11     | Found Zeadgh's Weapon Boutique.
 15687 | D:11     | Bought a scroll of identify for 30 gold pieces
 15687 | D:11     | Bought a scroll of identify for 30 gold pieces
 15687 | D:11     | Bought a scroll of identify for 30 gold pieces
 16100 | D:11     | Noticed a boulder beetle
 16150 | D:11     | Killed a boulder beetle
 16603 | D:12     | Noticed Snorg
 16620 | D:12     | Killed Snorg
 16621 | D:12     | Reached XP level 11. HP: 46/46 MP: 14/21
 16752 | D:12     | Noticed a boulder beetle
 16784 | Lair:1   | Entered Level 1 of the Lair of Beasts
 16784 | Lair:1   | Noticed Gastronok
 16798 | Lair:1   | Killed Gastronok
 16799 | Lair:1   | Reached skill level 5 in Unarmed Combat
 16803 | Lair:1   | Noticed Grum
 16804 | Lair:1   | Noticed a catoblepas
 17103 | D:10     | Killed Grum
 17553 | Lair:1   | Killed a catoblepas
 17795 | Lair:1   | You fall into a shaft and drop 1 floor!
 17817 | Lair:2   | Reached skill level 5 in Air Magic
 17939 | Lair:2   | Slain by a blink frog
 17940 | Lair:2   | Reached XP level 10. HP: 0/44 MP: 13/29
 17940 | Lair:2   | Noticed a cane toad
 17953 | Lair:2   | Noticed a fire crab
 17957 | Lair:2   | Noticed a cane toad
 17958 | Lair:2   | Killed a cane toad
 18000 | Lair:1   | Noticed a black mamba
 18008 | Lair:1   | Noticed a boulder beetle
 18012 | Lair:1   | Killed a black mamba
 18048 | Lair:1   | Demolished by a komodo dragon

Illustrated notes

Levels and vault maps discovered:
D:1:      psy_arrival_terrarium, layout_basic, serial_shops,
          nicolae_shop_waterfront
D:2:      layout_rooms, grunt_ministairs_7, st_stairs_11, minmay_divided_ellipse
D:3:      layout_basic
D:4:      layout_gridville, nicolae_titane
D:5:      layout_basic
D:6:      layout_loops_ring, minitemple, temple_pool_b, gammafunk_ghost_grave,
          minmay_fractal_squares_5
D:7:      layout_gridville, enter_bailey_5, worms_lemuel
D:8:      layout_basic, kennysheep_orc_sif_temple, kennysheep_generic_room_8,
          uniq_psyche
D:9:      layout_roguey, cheibriados_altar_2, zombieorc2_lemuel,
          lemuel_flamethrower_hall
D:10:     layout_big_octagon, gammafunk_temple_overflow_statue,
          lair_entry_dummy, ebering_ghost_xom,
          amcnicky_mini_rare_corridor_liquid
D:11:     layout_loops_ring, nicolae_stop_n_shop_1,
          nicolae_kite_square_tiling_tiny
D:12:     layout_roguey, uniq_snorg
Temple:   minmay_temple_bridge_d
Lair:1:   layout_gridlike, infiniplex_staircase_pool_2, serial_bayou_shore_b,
          uniq_gastronok, uniq_grum
Lair:2:   layout_chaotic_city, dummy_snake_entry, lemuel_fruit_fields,
          infiniplex_staircase_pool, lemuel_fruit_tree, serial_bayou_shore_b

Skill      XL: |  1  2  3  4  5  6  7  8  9 10 11 |
---------------+----------------------------------+-----
Stealth        | 3 4 5 6 |  6.0
Dodging        | 3 4 5 6 7 8 9 |  9.3
Fighting       | 1 2 3 4 5 6 8 9 |  9.3
Hexes          | 1 2 3 4 5 |  5.0
Spellcasting   | 3 4 5 6 |  6.6
Summonings     | 5 6 7 |  7.9
Air Magic      | 1 2 3 5 |  5.2
Unarmed Combat | 2 3 5 |  5.4
Translocations | 14 | 14.5

Action                   |  1- 3 |  4- 6 |  7- 9 | 10-12 || total
-------------------------+-------+-------+-------+-------++-------
Melee: Unarmed           |    10 |    18 |    12 |    82 ||   122
       Bite              |     1 |     4 |       |    14 ||    19
       Punch             |       |       |       |     2 ||     2
 Cast: Summon Small Mamm |    43 |    53 |    43 |    48 ||   187
       Call Imp          |    15 |    17 |    20 |    20 ||    72
       Call Canine Famil |     3 |    23 |    35 |    55 ||   116
       Summon Guardian G |       |     5 |    22 |    35 ||    62
       Summon Lightning  |       |       |     4 |    52 ||    56
       Dispersal         |       |       |       |     8 ||     8
Invok: Call Merchant     |       |       |       |     1 ||     1
Evoke: Wand              |       |       |     4 |     8 ||    12
       Lightning rod     |       |       |       |     4 ||     4
  Use: Scroll            |     5 |     6 |     6 |     9 ||    26
       Potion            |       |       |     1 |    10 ||    11
 Stab: Sleeping          |       |     6 |       |     1 ||     7
       Distracted        |       |     1 |       |     2 ||     3
Armor: Skin              |     3 |     1 |     1 |     5 ||    10
Dodge: Dodged            |    34 |    30 |    35 |   156 ||   255
